 Dungeon Crawl Stone Soup version 0.25.1-2-g60ff931df9 (webtiles) character file.

Game seed: 2206759769191614155

7405 hawla the Carver (level 10, -7/88 HPs)
             Began as a Minotaur Fighter on Oct 22, 2020.
             Was an Initiate of Gozag.
             Mangled by a seven-headed hydra (14 damage)
             ... on level 8 of the Dungeon.
             The game lasted 00:27:59 (10169 turns).

hawla the Carver (Minotaur Fighter)                Turns: 10169, Time: 00:28:00

Health: -7/88      AC: 23    Str: 23    XL:     10   Next: 92%
Magic:  9/9        EV: 13    Int:  9    God:    Gozag
Gold:   151        SH:  0    Dex: 13    Spells: 9/9 levels left

rFire    + . .     SeeInvis .   q - +1 scimitar (holy)
rCold    . . .     Gourm    .   (no shield)
rNeg     + . .     Faith    .   t - +4 chain mail
rPois    .         Spirit   .   (helmet unavailable)
rElec    .         Reflect  .   m - +2 cloak
rCorr    +         Harm     +   l - +0 pair of gloves
MR       .....                  p - +2 pair of boots of Beis {Harm Int+4 Dex+2}
Stlth    ..........             g - amulet of magic regeneration
HPRegen  0.24/turn              r - ring of resist corrosion
MPRegen  0.36/turn              D - ring of positive energy

@: very slightly contaminated, studying Dodging, invisible
A: retaliatory headbutt, hooves 1, horns 3, fire resistance 1
a: Potion Petition, Call Merchant, Bribe Branch, Renounce Religion


You were on level 8 of the Dungeon.
You worshipped Gozag.
Gozag was aware of your devotion.
You were hungry.

You visited 2 branches of the dungeon, and saw 10 of its levels.

You collected 694 gold pieces.
You spent 364 gold pieces at shops.
You paid 179 gold pieces to Gozag.

Inventory:

Hand Weapons
 o - the +7 falchion of Glamorous Honour {elec, rC+ Int+2 Dex-4 SInv}
   (You found it on level 4 of the Dungeon)

   Occasionally, upon striking a foe, it will discharge some electrical energy
   and cause terrible harm.
   It affects your intelligence (+2).
   It affects your dexterity (-4).
   It protects you from cold.
   It lets you see invisible.
 q - a +1 scimitar of holy wrath (weapon)
 u - a +0 antimagic short sword
 I - a +0 dagger of venom
 L - a +3 scimitar of freezing
Missiles
 j - 107 poisoned darts (quivered)
Armour
 l - a +0 pair of gloves (worn)
 m - a +2 cloak (worn)
 p - the +2 pair of boots of Beis (worn) {Harm Int+4 Dex+2}
   (You found it on level 6 of the Dungeon)

   It affects your intelligence (+4).
   It affects your dexterity (+2).
   It increases damage dealt and taken.
 t - a +4 chain mail (worn)
 z - a +0 plate armour
Jewellery
 g - an amulet of magic regeneration (around neck)
 r - a ring of resist corrosion (left hand)
 D - a ring of positive energy (right hand)
 H - an uncursed ring of protection from cold
Wands
 e - a wand of paralysis (12)
 i - a wand of polymorph (8)
 Q - a wand of iceblast (6)
Scrolls
 v - 4 scrolls of fog
 w - 4 scrolls of enchant weapon
 x - 7 scrolls of remove curse
 y - 4 scrolls of identify
 A - 2 scrolls of blinking
 C - 3 scrolls of teleportation
 E - a scroll of noise {unknown}
 F - a scroll of torment {unknown}
 J - 2 scrolls of magic mapping
 M - 2 scrolls of summoning {unknown}
Potions
 c - 2 potions of flight
 d - 2 potions of might
 h - 2 potions of stabbing {unknown}
 k - 7 potions of curing
 n - a potion of cancellation
 B - a potion of brilliance {unknown}
 K - a potion of berserk rage {unknown}
 P - a potion of degeneration {unknown}
Books
 s - a manual of Dodging
Miscellaneous
 a - a box of beasts
Comestibles
 f - 18 rations


   Skills:
 + Level 8.0 Fighting
 + Level 2.4(7.1) Short Blades
 + Level 11.3(11.4) Long Blades
 + Level 4.6 Throwing
 + Level 8.5 Armour
 * Level 10.0 Dodging
 + Level 3.6 Stealth
   Level 3.6 Shields
 + Level 0.2 Evocations


You had 9 spell levels left.
You didn't know any spells.
Your spell library was empty.

Dungeon Overview and Level Annotations

Branches:
Dungeon (9/15)             Temple (1/1) D:7             Orc (0/2) D:9
   Lair: D:8-11

Altars:
Ashenzari
Cheibriados
Dithmenos
Elyvilon
Fedhas
Gozag
Hepliaklqana
Kikubaaqudgha
Makhleb
Nemelex Xobeh
Okawaru
Qazlal
Ru
Trog
Uskayaw
Vehumet
Wu Jian
Xom
Yredelemnul
Zin
The Shining One

Shops:
D:8 }

Annotations:
D:8 2 transporters, axecop's ghost, novice CeAK


Innate Abilities, Weirdness & Mutations

You reflexively headbutt those who attack you in melee.
You have a pair of large horns on your head.
You have large cloven feet.
Your flesh is heat resistant. (rF+)


Message History

The seven-headed hydra barely misses you.
The seven-headed hydra bites you but does no damage.
You are very lightly contaminated with residual magic.
The seven-headed hydra bites you!
* * * LOW HITPOINT WARNING * * *
The seven-headed hydra barely misses you.
The seven-headed hydra closely misses you. x3
The seven-headed hydra bites you but does no damage.
The seven-headed hydra misses you.
You feel better.
The seven-headed hydra closely misses you.
You furiously retaliate!
You headbutt the seven-headed hydra.
The seven-headed hydra closely misses you.
The seven-headed hydra completely misses you. x2
The seven-headed hydra bites you!
* * * LOW HITPOINT WARNING * * *
The seven-headed hydra bites you but does no damage.
The seven-headed hydra bites you!
You die...
Your body crumbles into a pile of gold.

##............ #.............
### #.............
##.###........>....
#...##..##.......∩.
###....#..#.[........
#...>................
##...D.....#...#####..
#....@....###.....###.
##.........####...##..
#########....######...###.
#...#...##......#......##.
####÷##.##.###.....#.........
#..##.##.##._#...............
#.#.##.##[####..#............
#.##..###..# ###...#.........
#.###############..#.#...####


You could see a seven-headed hydra.

Vanquished Creatures
  A two-headed ogre (D:8)
  A centaur zombie (D:7)
  A troll (D:4)
  Grinder (D:6)
  A hippogriff (D:4)
  Sigmund (D:6)
  6 yaks (D:7)
  4 hungry ghosts
  A two-headed ogre zombie (D:9)
  Edmund (D:6)
  2 water moccasins (D:7)
  2 ice beasts
  2 orc warriors
  A necrophage (D:8)
  2 sky beasts
  2 phantoms (D:8)
  3 ogres
  3 centaurs
  2 big kobolds
  5 bullfrogs
  A water moccasin skeleton (D:7)
  2 scorpions
  8 killer bees
  4 wights (D:6)
  A howler monkey (D:4)
  4 crimson imps
  3 jellies
  A quasit (D:6)
  5 hounds
  Crazy Yiuf (D:5)
  8 orc priests
  A bullfrog skeleton (D:7)
  A gnoll shaman (D:7)
  4 orc wizards
  Ijyb (D:4)
  An iguana (D:7)
  4 worker ants (D:4)
  5 ogre zombies (D:9)
  7 gnolls
  13 adders
  2 oozes
  An adder skeleton (D:4)
  4 worms
  3 dart slugs
  3 leopard geckos
  33 orcs
  2 ball pythons (D:2)
  3 giant cockroaches
  8 goblins
  10 hobgoblins
  7 jackals
  20 kobolds
  3 bats
  3 frilled lizards
  2 hobgoblin zombies (D:9)
  A jackal skeleton (D:4)
  2 leopard gecko skeletons (D:4)
  4 orc skeletons (D:9)
  15 orc zombies (D:9)
  A quokka zombie (D:8)
  5 rats
249 creatures vanquished.

Notes
Turn   | Place    | Note
-------+----------+-------------------------------------------
     0 | D:1      | hawla the Minotaur Fighter began the quest for the Orb.
     0 | D:1      | Reached XP level 1. HP: 19/19 MP: 0/0
   140 | D:1      | Reached XP level 2. HP: 20/27 MP: 1/1
   144 | D:1      | Reached skill level 1 in Dodging
   563 | D:1      | Reached XP level 3. HP: 33/33 MP: 2/2
  1311 | D:2      | Reached skill level 3 in Long Blades
  1593 | D:2      | Reached XP level 4. HP: 40/40 MP: 3/3
  2672 | D:2      | Reached skill level 4 in Long Blades
  2672 | D:2      | Reached XP level 5. HP: 27/47 MP: 4/4
  2867 | D:3      | Found a burning altar of Makhleb.
  2990 | D:3      | Found a shattered altar of Ashenzari.
  3206 | D:3      | Reached XP level 6. HP: 53/53 MP: 5/5
  3223 | D:3      | Reached skill level 5 in Long Blades
  3492 | D:3      | Reached skill level 1 in Stealth
  3720 | D:3      | Found a stormy altar of Qazlal.
  3722 | D:3      | Found a sacrificial altar of Ru.
  3724 | D:3      | Found a radiant altar of Vehumet.
  4043 | D:4      | Found a large runed translucent door.
  4044 | D:4      | Found a large runed translucent door.
  4109 | D:4      | Noticed a hippogriff
  4109 | D:4      | Noticed an ice beast
  4115 | D:4      | Found a large runed translucent door.
  4115 | D:4      | Found a large runed translucent door.
  4181 | D:4      | Reached skill level 6 in Long Blades
  4182 | D:4      | Reached skill level 5 in Fighting
  4182 | D:4      | Reached XP level 7. HP: 58/61 MP: 6/6
  4418 | D:4      | Noticed a troll
  4426 | D:4      | Gained mutation: You have large cloven feet. [potion of
                  | mutation]
  4426 | D:4      | Gained mutation: You have a pair of large horns on your
                  | head. [potion of mutation]
  4426 | D:4      | Gained mutation: Your flesh is heat resistant. (rF+)
                  | [potion of mutation]
  4437 | D:4      | Killed a troll
  4437 | D:4      | Reached skill level 5 in Armour
  4716 | D:4      | Noticed Ijyb
  4722 | D:4      | Killed Ijyb
  4722 | D:4      | Reached skill level 7 in Long Blades
  4932 | D:5      | Entered Level 5 of the Dungeon
  5076 | D:5      | Found a blossoming altar of Fedhas.
  5077 | D:5      | Found a white marble altar of Elyvilon.
  5130 | D:5      | Reached XP level 8. HP: 69/70 MP: 7/7
  5600 | D:5      | Found a runed translucent door.
  5601 | D:5      | Noticed Crazy Yiuf
  5931 | D:4      | Killed a hippogriff
  5931 | D:4      | Reached skill level 8 in Long Blades
  5931 | D:4      | Reached skill level 1 in Throwing
  5931 | D:4      | Reached skill level 5 in Dodging
  6156 | D:4      | Got a crude falchion
  6157 | D:4      | Identified the +7 falchion of Glamorous Honour {elec, rC+
                  | Int+2 Dex-4 SInv} (You found it on level 4 of the Dungeon)
  6190 | D:6      | Noticed Grinder
  6199 | D:6      | Killed Grinder
  6235 | D:6      | Got a pair of smoking boots
  6241 | D:6      | Identified the +2 pair of boots of Beis {Harm Int+4 Dex+2}
                  | (You found it on level 6 of the Dungeon)
  6342 | D:6      | Noticed Sigmund
  6358 | D:6      | Killed Sigmund
  6358 | D:6      | Reached skill level 9 in Long Blades
  6358 | D:6      | Reached XP level 9. HP: 64/75 MP: 2/8
  6423 | D:6      | Noticed Edmund
  6432 | D:6      | Killed Edmund
  6932 | D:5      | Killed Crazy Yiuf
  7500 | D:7      | Found a staircase to the Ecumenical Temple.
  7533 | Temple   | Entered the Ecumenical Temple
  7872 | D:7      | Found a bloodstained altar of Trog.
  7947 | D:7      | Reached XP level 10. HP: 83/84 MP: 9/9
  7959 | D:7      | Reached skill level 10 in Long Blades
  8202 | D:7      | Found a hide-covered altar of Uskayaw.
  8255 | D:7      | Reached skill level 1 in Short Blades
  9077 | D:8      | Noticed a moth of wrath
  9092 | D:8      | Identified a scroll of acquirement
  9092 | D:8      | Acquired a manual of Dodging
  9106 | D:8      | Noticed a two-headed ogre
  9114 | D:8      | Killed a two-headed ogre
  9301 | D:8      | Reached skill level 11 in Long Blades
  9555 | D:8      | Found Qaguig's Gadget Boutique.
  9714 | D:8      | Noticed axecop's ghost (novice CeAK)
  9715 | D:8      | Identified the +0 dagger of Discretion {freeze, Int+5}
  9723 | D:8      | Found a bloodstained altar of Trog.
  9730 | D:8      | Found a transporter.
  9732 | D:8      | Found a transporter.
  9890 | D:8      | Found an opulent altar of Gozag.
  9899 | D:8      | Became a worshipper of Gozag Ym Sagoz the Greedy
  9948 | D:8      | Bought a wand of iceblast (6) for 130 gold pieces
  9948 | D:8      | Bought a wand of iceblast (4) for 104 gold pieces
  9948 | D:8      | Bought a wand of paralysis (8) for 130 gold pieces
 10049 | D:9      | Found a staircase to the Orcish Mines.
 10140 | D:9      | Noticed a seven-headed hydra
 10143 | D:9      | Reached skill level 10 in Dodging
 10169 | D:8      | Mangled by a seven-headed hydra

Illustrated notes

Levels and vault maps discovered:
D:1:      minmay_arrival_shattered_statue, layout_loops_ring
D:2:      layout_basic, minmay_hedge_maze, corexii_corridor_pit
D:3:      layout_rooms, makhleb_heckhound_becter, ashenzari_conservatory_becter,
          minitemple, corexii_shack
D:4:      wander_river, layout_basic, first_ration, grunt_decor_arrowhead,
          minmay_hollow_rounded_squares, uniq_ijyb
D:5:      layout_loops_ring, gammafunk_temple_overflow_pools,
          uniq_crazy_yiuf_cottage
D:6:      layout_cave_pools, uniq_sigmund, uniq_grinder, uniq_edmund
D:7:      kennysheep_housing_project, layout_layer_cave, kennysheep_mini_moat,
          lemuel_doored_altar, temple_pool_b
D:8:      layout_cave_pools, marbit_many_paths, serial_shops, shop,
          gammafunk_ghost_wrathful_warriors
D:9:      layout_loops_corners, lemuel_blue_sif_altar, dpeg_oklobed_lair,
          zombieorc2_lemuel, serial_shops, nicolae_shop_behind_doors
Temple:   minmay_temple_curvy_loop

Skill      XL: |  1  2  3  4  5  6  7  8  9 10 |
---------------+-------------------------------+-----
Fighting       | 4 5 6 8 |  8.0
Armour         | 4 5 6 8 |  8.5
Dodging        | 1 2 3 4 6 8 10 | 10.0
Long Blades    | 3 4 6 7 9 11 | 11.3
Stealth        | 1 2 3 |  3.6
Throwing       | 1 4 |  4.6
Short Blades   | 2 |  2.4
Shields        | |  3.6
Evocations     | |  0.2

Action                   |  1- 3 |  4- 6 |  7- 9 | 10-12 || total
-------------------------+-------+-------+-------+-------++-------
Melee: Long sword        |    59 |   101 |       |       ||   160
       Headbutt          |    14 |    23 |    22 |    44 ||   103
       Scimitar          |       |     7 |   101 |    98 ||   206
       Kick              |       |       |    18 |       ||    18
       Unarmed           |       |       |     2 |       ||     2
       Short sword       |       |       |    14 |       ||    14
       Falchion          |       |       |    52 |    27 ||    79
       Dagger            |       |       |       |    80 ||    80
Throw: Dart              |       |     6 |    24 |       ||    30
       Boomerang         |       |       |     6 |       ||     6
Evoke: Wand              |       |       |     2 |     6 ||     8
  Use: Scroll            |     3 |     7 |       |     2 ||    12
       Potion            |       |       |     8 |     4 ||    12
 Stab: Sleeping          |       |     2 |     1 |       ||     3
       Invisible         |       |       |     2 |       ||     2
       Distracted        |       |       |       |     2 ||     2
  Eat: Chunk             |     2 |     5 |    10 |     7 ||    24
       Ration            |       |     1 |     1 |     1 ||     3
Armor: Scale mail        |    25 |     3 |    26 |    39 ||    93
       Robe              |       |    16 |       |       ||    16
       Leather armour    |       |     9 |     6 |       ||    15
       Skin              |       |       |    27 |       ||    27
       Ring mail         |       |       |    17 |       ||    17
       Chain mail        |       |       |       |    51 ||    51
Dodge: Dodged            |    33 |    81 |   125 |   169 ||   408
       Rpst.: Long sword |    11 |    31 |       |       ||    42
       Scimitar          |       |     1 |    17 |     9 ||    27
       Falchion          |       |       |    11 |     4 ||    15
